 Dungeon Crawl Stone Soup version 0.23.1 (webtiles) character file.

Game seed: 11407202427561588388

604 myga the Skirmisher (level 7, -5/75 HPs)
             Began as an Ogre Abyssal Knight on Mar 19, 2019.
             Was a Follower of Lugonu.
             Slain by a wight
             ... wielding a cursed +4 short sword
              (9 damage)
             ... on level 5 of the Dungeon.
             The game lasted 00:23:23 (5317 turns).

myga the Skirmisher (Ogre Abyssal Knight)           Turns: 5317, Time: 00:23:24

Health: -5/75      AC:  4    Str: 16 (17) XL:     7   Next: 42%
Magic:  8/8        EV: 10    Int: 11 (13) God:    Lugonu [*.....]
Gold:   299        SH:  0    Dex:  8 (10) Spells: 6/6 levels left

rFire    . . .     SeeInvis .   h - +0 giant spiked club
rCold    . . .     Gourm    .   (shield currently unavailable)
rNeg     . . .     Faith    .   u - +1 robe
rPois    .         Spirit   .   (helmet restricted)
rElec    .         Reflect  .   (no cloak)
rCorr    .         Harm     .   (gloves unavailable)
MR       .....                  (boots unavailable)
Stlth    +.........             f - amulet of the acrobat
HPRegen  0.22/turn              (no ring)
MPRegen  0.11/turn              (no ring)

@: very slightly contaminated, drained
A: large, unfitting armour, tough skin 1
a: Depart the Abyss, Renounce Religion


You were on level 5 of the Dungeon.
You worshipped Lugonu.
Lugonu was aware of your devotion.
You were not hungry.

You visited 2 branches of the dungeon, and saw 7 of its levels.
You visited the Abyss 1 time.

You collected 299 gold pieces.

Inventory:

Hand Weapons
 a - a +1 hand axe
 h - a +0 giant spiked club (weapon)
Missiles
 l - 4 tomahawks of returning (quivered)
 m - 145 stones
Armour
 u - a +1 robe (worn)
Jewellery
 f - an amulet of the acrobat (around neck)
Wands
 r - a wand of paralysis (8)
Scrolls
 d - a scroll of blinking
 e - 2 scrolls of remove curse
 i - a scroll of teleportation
 k - a scroll of enchant armour
 s - a scroll of magic mapping
 x - a scroll of amnesia
Potions
 z - 2 potions of curing
Comestibles
 c - 7 rations


   Skills:
 + Level 6.0(4.8) Fighting
 + Level 4.5(3.4) Axes
 + Level 0.2(1.4) Maces & Flails
 + Level 3.0(1.9) Throwing
 + Level 3.6(2.5) Dodging
 + Level 1.9(0.9) Stealth
 + Level 2.1(1.0) Invocations


You had 6 spell levels left.
You didn't know any spells.
Your spell library was empty.

Dungeon Overview and Level Annotations

Branches:
Dungeon (6/15)             Temple (1/1) D:4

Altars:
Ashenzari
Cheibriados
Dithmenos
Elyvilon
Fedhas
Gozag
Kikubaaqudgha
Nemelex Xobeh
Okawaru
Qazlal
Ru
Trog
Uskayaw
Wu Jian
Xom
Yredelemnul
Zin

Shops:
D:4 *   D:5 *


Innate Abilities, Weirdness & Mutations

You are too large for most types of armour.
You have tough skin. (AC +1)


Message History

It was a potion of invisibility.
You fade into invisibility!
You are very lightly contaminated with residual magic.
You feel a little less agile now.
There is a stone staircase leading up here.
The wight closely misses you.
You climb upwards.
There is a stone staircase leading down here.
There is an open door here.
You flicker for a moment.
You flicker back into view.
You closely miss the wight.
The wight is heavily damaged.
The wight hits you but does no damage.
You hit the wight but do no damage.
The wight is heavily damaged.
The wight hits you with a cursed +4 short sword!
* * * LOW HITPOINT WARNING * * *
The wight hits you with a cursed +4 short sword!
You die...

####### ##8.. 8...
#.....#######... ....
#.###......#_... ....
######.###......##.. ....
#...#....#......##8
#...#..#.#......#
#...............####
#........#.........######
#.......z@>.......[...^.##
#......###................
##''...'...##.##.......#.#
###...######.##.......#.#
#...######.##.......#..
#......<##'##..........
#............######..>.
#............# #...#
#............# #...#


You could see a wight.

Vanquished Creatures
  A water moccasin (D:5)
  A phantom (D:4)
  An ogre (D:5)
  A wight (D:6)
  2 howler monkeys (D:4)
  A crimson imp (D:5)
  A worker ant (D:4)
  An orc wizard (D:3)
  7 adders
  A shadow imp (D:5)
  An adder skeleton (D:5)
  2 worms (D:3)
  2 dart slugs
  3 leopard geckos
  3 orcs
  3 giant cockroaches
  5 goblins
  4 hobgoblins
  A quokka (D:5)
  4 bats
  6 frilled lizards
  9 kobolds
  A leopard gecko skeleton (D:4)
  3 rats
64 creatures vanquished.

Notes
Turn   | Place    | Note
-------+----------+-------------------------------------------
     0 | Abyss:1  | myga the Ogre Abyssal Knight began the quest for the Orb.
     0 | Abyss:1  | Reached XP level 1. HP: 24/24 MP: 2/2
   112 | Abyss:1  | Noticed a spatial maelstrom
   113 | Abyss:1  | Noticed an ancient zyme
   115 | Abyss:1  | Noticed a tentacled starspawn
   116 | Abyss:1  | HP: 1/24 [spatial maelstrom (5)]
   117 | D:1      | Escaped the Abyss
   613 | D:1      | Reached * piety under Lugonu
   616 | D:1      | Reached XP level 2. HP: 26/32 MP: 3/3
  1184 | D:2      | Found a basalt altar of Yredelemnul.
  1186 | D:2      | Found a shimmering altar of Xom.
  1186 | D:2      | Found a basalt altar of Yredelemnul.
  1188 | D:2      | Found a shimmering altar of Xom.
  1188 | D:2      | Found an opulent altar of Gozag.
  1188 | D:2      | Found an iron altar of Okawaru.
  1304 | D:2      | Reached XP level 3. HP: 30/40 MP: 4/4
  1358 | D:2      | Found a hide-covered altar of Uskayaw.
  1654 | D:3      | Reached skill level 1 in Stealth
  1716 | D:3      | Reached XP level 4. HP: 18/49 MP: 5/5
  1729 | D:3      | Reached ** piety under Lugonu
  2197 | D:3      | Reached skill level 1 in Throwing
  2216 | D:3      | Found a shadowy altar of Dithmenos.
  2384 | D:4      | Reached XP level 5. HP: 45/55 MP: 6/6
  2576 | D:4      | Reached skill level 5 in Fighting
  2580 | D:4      | Found a staircase to the Ecumenical Temple.
  2617 | D:4      | HP: 1/57 [adder (2)]
  2636 | Temple   | Entered the Ecumenical Temple
  3035 | D:4      | Found Funofrai's Lightly-Used Armoury.
  3229 | D:4      | Reached XP level 6. HP: 61/66 MP: 7/7
  3298 | D:4      | Found a bloodstained altar of Trog.
  3383 | D:4      | Noticed a phantom
  3420 | D:4      | Killed a phantom
  3656 | D:5      | Entered Level 5 of the Dungeon
  3692 | D:5      | Found Gozag's Platinum Reserve.
  3730 | D:5      | Found an opulent altar of Gozag.
  3765 | D:5      | Noticed a water moccasin
  3812 | D:5      | Killed a water moccasin
  3812 | D:5      | Reached XP level 7. HP: 17/74 MP: 8/8
  4178 | D:5      | Found an iron altar of Okawaru.
  4310 | D:5      | Found a blossoming altar of Fedhas.
  5251 | D:6      | Reached skill level 6 in Fighting
  5265 | D:6      | HP: 1/75 [wight/cursed +4 short sword (8)]
  5317 | D:5      | Slain by a wight

Skill      XL: |  1  2  3  4  5  6  7 |
---------------+----------------------+-----
Stealth        | 1 |  1.9
Axes           | 3 4 |  4.5
Throwing       | 1 2 3 |  3.0
Fighting       | 5 6 |  6.0
Dodging        | 3 |  3.6
Maces & Flails | |  0.2
Invocations    | |  2.1

Action                   |  1- 3 |  4- 6 |  7- 9 || total
-------------------------+-------+-------+-------++-------
Melee: Hand axe          |    97 |   169 |    16 ||   282
       Giant spiked club |       |       |    19 ||    19
Throw: Tomahawk          |    12 |    44 |    15 ||    71
       Stone             |       |     4 |       ||     4
Invok: Depart the Abyss  |     1 |       |       ||     1
       Bend Space        |       |     1 |       ||     1
  Use: Potion            |     2 |     4 |     4 ||    10
       Scroll            |       |     7 |     3 ||    10
 Stab: Sleeping          |       |     4 |     1 ||     5
  Eat: Chunk             |     2 |     6 |       ||     8
       Ration            |       |       |     2 ||     2
Armor: Robe              |    25 |    37 |     9 ||    71
Dodge: Dodged            |    76 |    81 |    31 ||   188
